 Dungeon Crawl Stone Soup version 0.30-a0-587-gfd7c166f36 (webtiles) character file.

Game seed: 8317271947634017407

871 Citaku the Covered (level 7, -3/93 HPs)
             Began as a Minotaur Fighter on Jan 4, 2023.
             Was a Follower of Trog.
             Slain by an orc
             ... wielding a +0 mace
              (6 damage)
             ... on level 5 of the Dungeon.
             The game lasted 00:06:03 (3517 turns).

Citaku the Covered (Minotaur Fighter)               Turns: 3517, Time: 00:06:04

Health: -3/93      AC: 23    Str: 22    XL:     7   Next: 73%
Magic:  6/6        EV:  2    Int:  5    God:    Trog [*.....]
Gold:   254        SH:  4    Dex: 10    Spells: 6/6 levels left

rFire   . . .      SeeInvis .    a - +0 war axe
rCold   . . .      Faith    .    c - +0 buckler
rNeg    . . .      Spirit   .    (body armour currently unavailable)
rPois   +          Reflect  .    (helmet currently unavailable)
rElec   .          Harm     .    (cloak currently unavailable)
rCorr   .          Rampage  .    (gloves currently unavailable)
Will    .....      NoTele   +    (boots currently unavailable)
Stlth   +                        (no amulet)
HPRegen 0.35/turn                (no ring)
MPRegen 0.10/turn                (no ring)

@: tree-form, hasted, very quick
A: stationary, stasis, torment immunity, boosted hp, (horns 2), (retaliatory
headbutt)
a: Renounce Religion, Berserk


You were on level 5 of the Dungeon.
You worshipped Trog.
Trog was aware of your devotion.
You were a tree.
You visited 1 branch of the dungeon, and saw 5 of its levels.

You collected 254 gold pieces.

Inventory:

Hand Weapons
 a - a +0 war axe (weapon)
Armour
 c - a +0 buckler (worn)
 r - a +0 pair of boots (melded)
 v - a +0 plate armour (melded)
Wands
 d - a wand of polymorph (3)
 w - a wand of roots (16)
Scrolls
 f - 7 scrolls of identify {unknown}
 g - 3 scrolls of enchant weapon {unknown}
 i - a scroll of noise {unknown}
 j - 2 scrolls of fog {unknown}
 k - 5 scrolls of teleportation {unknown}
 l - a scroll of torment {unknown}
 o - a scroll of magic mapping {unknown}
 q - a scroll of acquirement {unknown}
 s - a scroll of summoning {unknown}
 t - 2 scrolls of blinking {unknown}
 y - a scroll of poison {unknown}
Potions
 b - a potion of attraction {unknown}
 e - a potion of haste
 h - a potion of flight {unknown}
 m - a potion of resistance {unknown}
 n - a potion of magic {unknown}
 p - 2 potions of lignification
 u - 2 potions of curing {unknown}
 x - a potion of heal wounds {unknown}


   Skills:
 + Level 5.9 Fighting
 * Level 7.0 Axes
 * Level 7.6 Armour
 - Level 3.6 Shields


You had 6 spell levels left.
You didn't know any spells.
Your spell library contained the following spells:

 Spells                   Type           Power      Damage    Failure   Level
 Ensorcelled Hibernation  Hex/Ice        0%         N/A       71%         2
 Passwall                 Tmut/Erth      0%         N/A       71%         2
 Swiftness                Air            0%         N/A       91%         3
 Animate Dead             Necr           0%         N/A       100%        4
 Haunt                    Necr/Summ      0%         N/A       100%        7
 Infestation              Necr           0%         N/A       100%        8


Dungeon Overview and Level Annotations

Branches:
Dungeon (5/15)
 Temple: D:4-7

Altars:
Fedhas
Qazlal
Ru
Trog
The Shining One

Shops:
D:2 *


Innate Abilities, Weirdness & Mutations

You are a tree.
Your roots penetrate the ground, keeping you stationary.
You cannot be teleported.
You are immune to unholy pain and torment.
Your maximum health is greatly increased.
Your equipment is partially melded.
((You have a pair of horns on your head.))
((You reflexively headbutt those who attack you in melee.))


Message History

A jelly comes into view.
The hornet completely misses you. You furiously retaliate!
You headbutt the hornet!
You kill the hornet!
Trog accepts your kill. The adder bites you but does no damage.
You hit the hound. Your headbutt misses the hound.
The hound is almost dead.
You closely miss the adder. You slash the adder!
You kill the adder!
Trog accepts your kill.
You can now go berserk at will.
The hound bites you but does no damage. The adder bites you but does no damage.
A jelly comes into view.
The hound bites you.
* * * LOW HITPOINT WARNING * * *
The adder bites you.
* * * LOW HITPOINT WARNING * * *
You block the adder's attack.
It was a potion of lignification.
You turn into a tree.
Your +0 pair of boots melds into your body.
Your +0 plate armour melds into your body.
Your roots penetrate the ground.
The hound pauses to sniff the ground.
The hound bites you but does no damage. You block the adder's attack.
The orc barely misses you.
A gnoll comes into view. It is wielding a +0 flail.
The gnoll shouts!
The jelly quivers.
You slash the hound!
You kill the hound!
Trog accepts your kill.
You hit the orc. You miss the adder. You hit the gnoll.
You barely miss the adder.
The adder bites you but does no damage. x3
Your Axes skill increases to level 7!
You completely miss the adder. You slash the adder!
You kill the adder!
Trog accepts your kill.
You barely miss the orc. You closely miss the gnoll.
The orc hits you with a +0 mace.
You die...

#.................#
..
#.......#..<......#
##.
#.......####......#
.
#..........'......#
.
####'##....#......#
#.##############
#.#...J.....
#.#.#g..# #..†♣#
#..oS)#
.....#.o.....
#...#...#...#..
#...##...#.#.. #..
#....#..J# #..
##......... #.
#.#...#...


You could see 2 jellies, an orc priest, a gnoll, an adder and an orc.

Vanquished Creatures
  A hornet (D:5)
  Sigmund (D:5)
  A necrophage (D:5)
  2 orc priests (D:5)
  3 hounds
  Jessica (D:3)
  2 iguanas (D:4)
  Natasha (thrice) (D:2)
  An orc wizard (D:5)
  Robin (D:3)
  6 adders
  2 worms
  2 dart slugs
  5 orcs
  A bat (D:1)
  6 endoplasms
  6 giant cockroaches (D:1)
  12 goblins
  8 hobgoblins
  2 quokkas
  5 ball pythons
  3 frilled lizards (D:2)
  6 kobolds
  4 rats
84 creatures vanquished.

Vanquished Creatures (others)
  4 toadstools (D:1)
4 creatures vanquished.

Grand Total: 88 creatures vanquished

Notes
Turn   | Place    | Note
-------+----------+-------------------------------------------
     0 | D:1      | Citaku the Minotaur Fighter began the quest for the Orb.
     0 | D:1      | Reached XP level 1. HP: 19/19 MP: 0/0
   163 | D:1      | Reached XP level 2. HP: 26/27 MP: 1/1
   464 | D:1      | Found a faded altar of an unknown god.
   525 | D:1      | Reached XP level 3. HP: 33/33 MP: 2/2
  1116 | D:2      | Found Idewid's General Store.
  1148 | D:2      | Noticed Natasha
  1159 | D:2      | Killed Natasha
  1160 | D:2      | Reached XP level 4. HP: 18/40 MP: 3/3
  1163 | D:2      | Identified the +2 leather armour "Dynox" {Drain rC- Int+9}
  1205 | D:2      | Noticed Natasha
  1208 | D:2      | Killed Natasha
  1467 | D:2      | Noticed Natasha
  1474 | D:2      | Killed Natasha
  1475 | D:2      | Reached skill level 5 in Armour
  1771 | D:3      | Noticed Jessica
  1778 | D:3      | Killed Jessica
  1779 | D:3      | Reached XP level 5. HP: 42/47 MP: 4/4
  2058 | D:3      | Noticed Robin
  2071 | D:3      | Killed Robin
  2286 | D:3      | Found a glowing golden altar of the Shining One.
  2608 | D:4      | Found a bloodstained altar of Trog.
  2623 | D:4      | Became a worshipper of Trog the Wrathful
  2691 | D:4      | Reached skill level 5 in Axes
  2708 | D:4      | Found a blossoming altar of Fedhas.
  2709 | D:4      | Found a sacrificial altar of Ru.
  2709 | D:4      | Found a stormy altar of Qazlal.
  2832 | D:4      | Reached XP level 6. HP: 55/55 MP: 5/5
  3185 | D:5      | Entered Level 5 of the Dungeon
  3213 | D:5      | Reached skill level 5 in Fighting
  3352 | D:5      | Noticed Sigmund
  3360 | D:5      | Killed Sigmund
  3361 | D:5      | Reached XP level 7. HP: 61/61 MP: 6/6
  3501 | D:5      | Noticed a hornet
  3510 | D:5      | Paralysed by a hornet for 1 turns
  3513 | D:5      | Killed a hornet
  3514 | D:5      | Reached * piety under Trog
  3514 | D:5      | HP: 1/62 [adder (3)]
  3517 | D:5      | Slain by an orc

Illustrated notes

Levels and vault maps discovered:
D:1:      ldierk_walled_garden_2, layout_loops_cross, basic_ecumenical_altar,
          minmay_tromino_v2
D:2:      layout_basic, serial_shops, shop, uniq_natasha
D:3:      layout_loops_ring, marbit_many_paths, uniq_jessica, uniq_robin
D:4:      layout_gridville, chequers_temple_overflow_statue_of_worship,
          mainiacjoe_overflow_boulevard
D:5:      cheibrodos_fzero, layout_basic, uniq_sigmund

Skill      XL: |  1  2  3  4  5  6  7 |
---------------+----------------------+-----
Armour         | 4 5 6 7 |  7.6
Axes           | 3 4 5 6 7 |  7.0
Fighting       | 4 5 |  5.9
Shields        | |  3.6

Action                   |  1- 3 |  4- 6 |  7- 9 || total
-------------------------+-------+-------+-------++-------
Melee: War axe           |    72 |    89 |    27 ||   188
       Headbutt          |    11 |    12 |     5 ||    28
  Use: Potion            |       |     1 |     2 ||     3
Armor: Scale mail        |    38 |    20 |       ||    58
       Plate armour      |       |    23 |    35 ||    58
       Skin              |       |       |     4 ||     4
Dodge: Dodged            |    37 |    43 |    10 ||    90
Block: Buckler           |    19 |    16 |    12 ||    47

Table legend: (Time is in decaauts)
 A = Elapsed time spent in this place.
 B = Non-inter-level travel time spent in this place.
 C = Inter-level travel time spent in this place.
 D = Time resting spent in this place.
 E = Time spent auto-exploring this place.
 F = Levels seen in this place.
 G = Mean time per level.
                   A        B        C        D        E       F      G
               +--------+--------+--------+--------+--------+-----+--------+
         Total |   3583 |   3583 |      0 |      0 |   2730 |   5 |  716.6 |
       Dungeon |   3583 |   3583 |      0 |      0 |   2730 |   5 |  716.6 |
               +--------+--------+--------+--------+--------+-----+--------+

Top non-repeatable levels by time:
     D:2: 1101 daAuts
     D:4: 797 daAuts
     D:1: 711 daAuts
     D:3: 632 daAuts
     D:5: 342 daAuts
